 Dungeon Crawl Stone Soup version 0.30.0-3-ga4e48a9924 (webtiles) character file.

Game seed: 12641071913015388386

949 firemarshallily the Trooper (level 7, -5/58 HPs)
             Began as a Demonspawn Gladiator on May 8, 2023.
             Slain by a two-headed ogre
             ... wielding a +0 giant club
              (17 damage)
             ... on level 5 of the Dungeon.
             The game lasted 00:08:37 (4022 turns).

firemarshallily the Trooper (Demonspawn Gladiator)  Turns: 4022, Time: 00:08:39

Health: -5/58      AC:  6    Str: 14 (16) XL:     7   Next: 90%
Magic:  10/10      EV: 11    Int: 14 (15) God:
Gold:   243        SH:  4    Dex: 12 (14) Spells: 11/11 levels left

rFire   . . .        j - +1 war axe (freeze)
rCold   . . .        (no shield)
rNeg    . . .        x - +1 ring mail "Ywaosi" {rElec Int+3 SInv}
rPois   +            (helmet restricted)
rElec   +            (no cloak)
rCorr   .            (no gloves)
SInv    +            (no boots)
Will    .....        (no amulet)
Stlth   +            u - ring of poison resistance
HPRegen 0.29/turn    (no ring)
MPRegen 0.24/turn

%: no passive effects
@: no status effects
A: horns 1, magic regeneration, big brain 1, condensation shield
a: no special abilities


You were on level 5 of the Dungeon.
You visited 1 branch of the dungeon, and saw 5 of its levels.

You collected 243 gold pieces.

Inventory:

Hand Weapons
 a - a +0 war axe
 j - a +1 war axe of freezing (weapon)
Missiles
 d - 4 throwing nets
 h - 6 curare-tipped darts
 q - 3 datura-tipped darts
 w - 10 poisoned darts
 B - 5 boomerangs (quivered)
Armour
 x - the +1 ring mail "Ywaosi" (worn) {rElec Int+3 SInv}
   (You found it on level 2 of the Dungeon)

   Int:       It affects your intelligence (+3).
   rElec:     It insulates you from electricity.
   SInv:      It lets you see invisible.
Jewellery
 u - a ring of poison resistance (left hand)
Wands
 z - a wand of flame (42)
 C - a wand of mindburst (15)
Scrolls
 b - a scroll of vulnerability {unknown}
 c - a scroll of brand weapon {unknown}
 f - a scroll of amnesia {unknown}
 g - 2 scrolls of fear {unknown}
 i - 3 scrolls of enchant weapon {unknown}
 l - a scroll of silence {unknown}
 m - 7 scrolls of identify {unknown}
 n - 3 scrolls of teleportation {unknown}
 s - 2 scrolls of magic mapping {unknown}
 t - 2 scrolls of poison {unknown}
 y - 3 scrolls of blinking {unknown}
Potions
 k - 4 potions of curing
 p - 2 potions of heal wounds {unknown}
 r - a potion of lignification {unknown}
 v - 2 potions of ambrosia {unknown}
 A - a potion of flight {unknown}


   Skills:
 * Level 6.0 Fighting
 + Level 5.1 Axes
 - Level 1.7 Throwing
 + Level 3.4 Armour
 - Level 2.6 Dodging
 + Level 2.5 Spellcasting


You had 11 spell levels left.
You didn't know any spells.
Your spell library contained the following spells:

 Spells                   Type           Power      Damage    Failure   Level
 Sublimation of Blood     Necr           1%         N/A       56%         2
 Wereblood                Tmut           1%         N/A       56%         2
 Anguish                  Hex/Necr       0%         N/A       99%         4
 Cause Fear               Hex            0%         N/A       99%         4
 Enfeeble                 Hex            0%         N/A       100%        7
 Summon Hydra             Summ           0%         N/A       100%        7


Dungeon Overview and Level Annotations

Branches:
Dungeon (5/15)
 Temple: D:4-7

Altars:
Cheibriados


Innate Abilities, Weirdness & Mutations

You have a pair of small horns on your head.
You regenerate magic rapidly.
You have an unusually large brain. (Int +2)
A meltable shield of frost defends you. (SH +4)


Message History

The iguana is severely wounded.
The iguana bites you.
You hit the iguana. You freeze the iguana.
You kill the iguana!
You see here an iguana corpse.
Found a leather armour.
You see here an iguana corpse.
You open the large door.
A two-headed ogre and an ufetubus come into view.
The two-headed ogre shouts in stereo!
The ufetubus shouts!
Throw: javelin
Press: ? - help, Shift-Dir - straight line, f - two-headed ogre
Aim: a two-headed ogre, wielding two +0 giant clubs (76% to hit)
You throw a javelin. The javelin misses the ufetubus.
The javelin pierces through the two-headed ogre but does no damage.
The ufetubus misses you. x2
Unknown command.
You hit the ufetubus. You freeze the ufetubus.
The ufetubus is severely wounded.
The ufetubus hits you. The ufetubus closely misses you.
You block the ufetubus's attack. The ufetubus hits you.
You hit the ufetubus.
You kill the ufetubus!
You hit the two-headed ogre. You freeze the two-headed ogre.
The two-headed ogre hits you with a +0 giant club! x2
You hit the two-headed ogre. You freeze the two-headed ogre.
Your headbutt misses the two-headed ogre.
The two-headed ogre is lightly wounded.
The two-headed ogre hits you with a +0 giant club! x2
* * * LOW HITPOINT WARNING * * *
Okay, then.
Okay, then.
It was a potion of curing.
You feel better.
It was a potion of degeneration.
There was something very wrong with that liquid.
You feel weakened.
You feel dopey.
You feel clumsy.
The two-headed ogre hits you with a +0 giant club!
* * * LOW HITPOINT WARNING * * *
The two-headed ogre hits you with a +0 giant club!
You die...

#++ ... ###.#
#.O.##... #@'..(#
#.#.##.# ##### #.#
.. ####....
#.###++####.....##
#................#
###...............
#...............
#...............
#.....<.........


You could see a two-headed ogre.

Vanquished Creatures
  An ice beast (D:5)
  A centaur (D:5)
  3 phantoms
  A bullfrog (D:5)
  A centaur zombie (D:4)
  A hound (D:5)
  A jelly (D:5)
  An iron imp (D:4)
  3 scorpion zombies (D:4)
  4 iguanas
  A hound zombie (D:4)
  A hound skeleton (D:4)
  A howler monkey zombie (D:4)
  5 adders
  An ufetubus (D:5)
  3 adder skeletons (D:4)
  3 adder zombies (D:4)
  2 worms (D:3)
  3 dart slugs
  8 orcs (D:3)
  3 endoplasms
  3 giant cockroaches (D:1)
  6 goblins
  6 hobgoblins
  4 quokkas
  6 ball pythons
  7 bats
  A jackal skeleton (D:4)
  3 kobolds
  A quokka zombie (D:4)
  9 rats
94 creatures vanquished.

Notes
Turn   | Place    | Note
-------+----------+-------------------------------------------
     0 | D:1      | firemarshallily the Demonspawn Gladiator began the quest
                  | for the Orb.
     0 | D:1      | Reached XP level 1. HP: 16/16 MP: 1/1
     0 | D:1      | Noticed a gargoyle
     0 | D:1      | Noticed a ghoul
     1 | D:1      | Noticed an octopode
     3 | D:1      | Noticed a naga
     3 | D:1      | Noticed a human
     5 | D:1      | Noticed an octopode
     6 | D:1      | Noticed a human
     7 | D:1      | Noticed a naga
     8 | D:1      | Noticed a demonspawn
    10 | D:1      | Noticed a felid
    10 | D:1      | Noticed a minotaur
    12 | D:1      | Noticed a spriggan
    14 | D:1      | Noticed a formicid
    14 | D:1      | Noticed a merfolk
    14 | D:1      | Noticed a vine stalker
    16 | D:1      | Noticed a merfolk
    16 | D:1      | Noticed a troll
    16 | D:1      | Noticed an ogre
    18 | D:1      | Noticed a barachi
    20 | D:1      | Noticed a demigod
   259 | D:1      | Gained mutation: You have a pair of small horns on your
                  | head. [demonic ancestry]
   259 | D:1      | Reached XP level 2. HP: 18/23 MP: 2/2
   825 | D:1      | Reached XP level 3. HP: 20/28 MP: 3/3
   827 | D:1      | Reached skill level 1 in Armour
  1509 | D:2      | Reached skill level 3 in Fighting
  1522 | D:2      | Identified the +1 ring mail "Ywaosi" {rElec Int+3 SInv}
  1826 | D:3      | Gained mutation: You regenerate magic rapidly. [demonic
                  | ancestry]
  1826 | D:3      | Reached XP level 4. HP: 35/35 MP: 4/4
  2037 | D:3      | Identified the +5 short sword "Ulat" {protect, MP+9 Str+3}
  2294 | D:4      | Gained mutation: You have an unusually large brain. (Int
                  | +2) [demonic ancestry]
  2294 | D:4      | Reached XP level 5. HP: 18/41 MP: 5/5
  2300 | D:4      | Reached skill level 4 in Fighting
  2511 | D:4      | Noticed a phantom
  2527 | D:4      | Killed a phantom
  2528 | D:4      | Reached XP level 6. HP: 28/49 MP: 6/6
  2857 | D:4      | Reached skill level 1 in Spellcasting
  3163 | D:4      | Found a snail-covered altar of Cheibriados.
  3251 | D:4      | Reached skill level 5 in Fighting
  3318 | D:5      | Entered Level 5 of the Dungeon
  3331 | D:5      | Gained mutation: A meltable shield of frost defends you.
                  | (SH +4) [demonic ancestry]
  3331 | D:5      | Reached XP level 7. HP: 28/56 MP: 9/9
  3838 | D:5      | Reached skill level 5 in Axes
  3843 | D:5      | Reached skill level 6 in Fighting
  4016 | D:5      | Noticed a two-headed ogre
  4022 | D:5      | Slain by a two-headed ogre

Illustrated notes

Levels and vault maps discovered:
D:1:      shiori_arrival_whats_in_store_for_you, layout_basic,
          minmay_hexomino_u4
D:2:      layout_rooms
D:3:      layout_basic
D:4:      layout_basic, slow_altar_2, serial_undead, serial_undead_a,
          serial_undead_d, serial_undead_d, serial_undead_a, serial_undead_d,
          grunt_ministairs_8
D:5:      layout_rooms, minmay_fountain_box, st_stairs_2,
          kennysheep_generic_room_12

Skill      XL: |  1  2  3  4  5  6  7 |
---------------+----------------------+-----
Axes           | 3 4 5 |  5.1
Armour         | 1 2 3 |  3.4
Fighting       | 3 4 5 6 |  6.0
Spellcasting   | 1 2 |  2.5
Throwing       | |  1.7
Dodging        | |  2.6

Action                     |  1- 3 |  4- 6 |  7- 9 || total
---------------------------+-------+-------+-------++-------
  Melee: War axe           |   111 |   121 |    52 ||   284
         Headbutt          |    12 |    28 |     7 ||    47
         Punch             |       |     1 |       ||     1
  Throw: Javelin           |       |       |     1 ||     1
    Use: Potion            |       |       |     2 ||     2
   Stab: Sleeping          |     2 |       |       ||     2
 Armour: Leather armour    |    31 |       |       ||    31
         Ring mail         |     4 |    77 |    15 ||    96
  Dodge: Dodged            |    66 |   100 |    23 ||   189
  Block: Other             |       |       |    12 ||    12
